 Dungeon Crawl Stone Soup version 0.20.0-10-g0535bb4 (webtiles) character file.

65 xgamer67 the Scratcher (level 3, 0/15 HPs)
             Began as a Felid Transmuter on June 6, 2017.
             Slain by an adder (4 damage)
             ... on level 3 of the Dungeon.
             The game lasted 00:05:57 (2729 turns).

xgamer67 the Scratcher (Felid Transmuter)           Turns: 2729, Time: 00:05:58

Health: 0/15       AC:  1    Str:  7    XL:     3   Next: 94%
Magic:  4/7        EV: 18    Int: 14    God:
Gold:   120        SH:  0    Dex: 16    Spells: 3/6 levels left
                                        Lives:  0   Deaths: 0

rFire    . . .     SeeInvis +     - Unarmed
rCold    . . .     Gourm    .   (shield unavailable)
rNeg     . . .     Faith    .   (armour unavailable)
rPois    .         Spirit   .   (helmet unavailable)
rElec    .         Reflect  .   (cloak unavailable)
rCorr    .         Harm     .   (gloves unavailable)
MR       .....                  (boots unavailable)
Stlth    +++.......             (no amulet)
Regen    0.1/turn               (no ring)
MPRegen  0.1/turn               (no ring)

@: lethally poisoned (0 -> -8), quick
A: no armour, no weapons or thrown items, stealth, claws 1, fangs 3, see
invisible, carnivore 3, speed 1, shaggy fur 1, slow metabolism 1, sharp paws
a: no special abilities


You were on level 3 of the Dungeon.
You were very full.

You visited 1 branch of the dungeon, and saw 3 of its levels.

You collected 120 gold pieces.

Inventory:

Missiles
 a - 44 arrows
Scrolls
 f - 2 scrolls of remove curse {unknown}
 i - a scroll of amnesia {unknown}
 j - a scroll of blinking {unknown}
Potions
 e - a potion of flight {unknown}
 g - a potion of ambrosia {unknown}
 h - a potion of berserk rage {unknown}
Books
 b - a book of Changes

   Spells                             Type                      Level
   a - Beastly Appendage              Transmutation                1
   b - Sticks to Snakes               Transmutation                2
   c - Spider Form                    Transmutation/Poison         3
   d - Ice Form                       Ice/Transmutation            4
   e - Blade Hands                    Transmutation                5
Comestibles
 c - a meat ration
 d - 7 chunks of flesh


   Skills:
 - Level 1.0 Fighting
 - Level 2.6 Dodging
 + Level 3.7 Stealth
 + Level 4.0 Unarmed Combat
 - Level 2.0 Spellcasting
 - Level 2.1 Transmutations


You had 3 spell levels left.
You knew the following spells:

 Your Spells              Type           Power        Failure   Level  Hunger
a - Beastly Appendage     Tmut           #.....       10%         1    ##.....
b - Sticks to Snakes      Tmut           #.......     14%         2    ###....


Dungeon Overview and Level Annotations

Branches:
Dungeon (3/15)

Altars:

Annotations:
D:2 Terence


Innate Abilities, Weirdness & Mutations

You cannot wear armour.
You are incapable of wielding weapons or throwing items.
Your paws allow you to move quietly. (Stealth)
You have sharp claws.
You have razor-sharp teeth.
You have supernaturally acute eyesight. (SInv)
You are carnivorous and can eat meat at any time.
You cover ground quickly.
You are covered in fur. (AC +1)
You have a slow metabolism.
Your sharp claws are effective at attacking unaware monsters.


Message History

The adder barely misses your ball python.
Your ball python bites the adder.
Your ball python constricts the adder.
The adder closely misses you.
You scratch the adder but do no damage.
The adder is moderately wounded.
The adder barely misses your ball python.
The adder barely misses you.
Your ball python bites the adder.
Your ball python constricts the adder.
The adder bites your ball python.
Your ball python dies!
Casting: Sticks to Snakes
Confirm with . or Enter, or press ? or * to list all spells.
You create a snake!
You now have 44 arrows.
The adder misses you.
You can't grasp things well enough to throw them.
You miss the adder.
The adder is heavily wounded.
The adder bites you. x2
* * * LOW HITPOINT WARNING * * *
You are lethally poisoned!
The adder poisons you!
Your adder bites the adder.
The adder bites you.
You die...

### # ..# #. ###.#
..#.####.#.#
#..........#
...#.#.S@...###########
.......S..............#
.##....S....#########.#
#.......(.# #.#
#.##....)## #####.## #
##...## #......# ##...
#.###..# ..... #.###..#
....... #.#..#.##


You could see 2 adders and a friendly adder.

Vanquished Creatures
  A leopard gecko (D:2)
  2 orcs (D:3)
  3 giant cockroaches
  9 goblins
  10 hobgoblins
  5 jackals
  A quokka (D:1)
  2 bats
  3 frilled lizards
  6 kobolds
  9 rats
51 creatures vanquished.

Vanquished Creatures (collateral kills)
  An adder (D:2)
  A goblin (D:1)
2 creatures vanquished.

Grand Total: 53 creatures vanquished

Notes
Turn   | Place    | Note
-------+----------+-------------------------------------------
     0 | D:1      | xgamer67 the Felid Transmuter began the quest for the Orb.
     0 | D:1      | Reached XP level 1. HP: 9/9 MP: 4/4
    94 | D:1      | Reached skill level 1 in Stealth
   137 | D:1      | Reached XP level 2. HP: 10/12 MP: 6/6
   184 | D:1      | Learned a level 2 spell: Sticks to Snakes
  1071 | D:1      | Reached XP level 3. HP: 12/15 MP: 7/7
  1135 | D:2      | Noticed Terence
  2548 | D:3      | Reached skill level 4 in Unarmed Combat
  2729 | D:3      | Slain by an adder

Skill      XL: |  1  2  3 |
---------------+----------+-----
Stealth        | 1 2 3 |  3.7
Unarmed Combat | 4 |  4.0
Fighting       | |  1.0
Dodging        | |  2.6
Spellcasting   | |  2.0
Transmutations | |  2.1

Action                   || total
-------------------------++-------
Melee: Unarmed           ||   185
       Bite              ||    18
       Punch             ||     2
 Cast: Sticks to Snakes  ||     7
       Beastly Appendage ||     1
 Stab: Sleeping          ||     8
       Distracted        ||     3
  Eat: Chunk             ||    11
Armor: Skin              ||    11
Dodge: Dodged            ||   132
